 Dungeon Crawl Stone Soup version 0.31-a0-204-g7da18cac08 (webtiles) character file.

Game seed: 4121847867260864469

98 promet the Trooper (level 4, -3/41 HPs)
             Began as a Minotaur Fighter on June 27, 2023.
             Killed from afar by Sigmund (5 damage)
             ... with a puff of flame
             ... on level 4 of the Dungeon.
             The game lasted 00:07:36 (2789 turns).

promet the Trooper (Minotaur Fighter)               Turns: 2789, Time: 00:07:37

Health: -3/41      AC: 10    Str: 20    XL:     4   Next: 44%
Magic:  3/3        EV:  9    Int:  7    God:
Gold:   168        SH:  4    Dex: 10    Spells: 3/3 levels left

rFire   . . .        a - +2 trident
rCold   . . .        c - +0 buckler
rNeg    . . .        j - +0 scale mail
rPois   .            (helmet restricted)
rElec   .            i - +0 cloak
rCorr   .            (no gloves)
SInv    .            g - +1 pair of boots
Will    .....        (no amulet) Stlth
                     (no ring)
HPRegen 0.26/turn    (no ring)
MPRegen 0.08/turn

%: no passive effects
@: no status effects
A: horns 2, retaliatory headbutt
a: no special abilities


You were on level 4 of the Dungeon.
You visited 1 branch of the dungeon, and saw 4 of its levels.

You collected 168 gold pieces.

Inventory:

Hand Weapons
 a - a +2 trident (weapon)
 b - a +0 sling
 o - a +2 vampiric dagger
Missiles
 e - 44 stones
 f - 5 poisoned darts
Armour
 c - a +0 buckler (worn)
 g - a +1 pair of boots (worn)
 i - a +0 cloak (worn)
 j - a +0 scale mail (worn)
Jewellery
 h - a +6 ring of intelligence
Wands
 d - a wand of mindburst (13)
Scrolls
 q - a scroll of silence {unknown}
Potions
 l - a potion of invisibility {unknown}
 m - a potion of haste {unknown}
 n - a potion of heal wounds {unknown}
 r - a potion of curing


   Skills:
 + Level 4.5 Fighting
 + Level 3.5 Polearms
 + Level 1.0 Ranged Weapons
 + Level 4.2 Armour
 + Level 0.3 Dodging
 + Level 4.2 Shields


You had 3 spell levels left.
You didn't know any spells.
Your spell library contained the following spells:

 Spells                   Type           Power      Damage    Failure   Level
 Static Discharge         Conj/Air       0%         2-2/arc   94%         2
 Airstrike                Air            0%         2d(0-16)  100%        4
 Leda's Liquefaction      Hex/Erth       0%         N/A       100%        4
 Summon Lightning Spire   Summ/Air       0%         N/A       100%        4
 Lee's Rapid Deconstruct  Erth           0%         3d4*      100%        5
 Leda's Unmaking          Conj/Erth      0%         9d1       100%        6
 Statue Form              Tmut/Erth      0%         N/A       100%        6


Dungeon Overview and Level Annotations

Branches:
Dungeon (4/15)
 Temple: D:4-7

Altars:

Shops:
D:3 [

Annotations:
D:4 Sigmund


Innate Abilities, Weirdness & Mutations

You have a pair of horns on your head.
You reflexively headbutt those who attack you in melee.


Message History

The puff of flame hits you but does no damage.
You hit something. Your headbutt misses something.
You hear some strange, mumbled words.
A magic dart appears from out of thin air!
The magic dart hits you!
You closely miss something.
You hear some strange, mumbled words.
A puff of flame appears from out of thin air!
The puff of flame hits you!
You miss something.
You hear some strange, mumbled words.
A magic dart appears from out of thin air!
The magic dart hits you but does no damage.
You hit something.
You hear a zap.
A puff of flame appears from out of thin air!
The puff of flame hits you. Something hits you but does no damage.
You closely miss something. Your headbutt misses something.
You closely miss something. Your headbutt misses something.
You hear a zap.
A puff of flame appears from out of thin air!
The puff of flame hits you!
* * * LOW HITPOINT WARNING * * *
You puncture something! Your headbutt misses something. Something hits you.
* * * LOW HITPOINT WARNING * * *
You closely miss something. Your headbutt misses something.
Something hits you but does no damage.
You hit something but do no damage. Your headbutt misses something.
Something hits you!
* * * LOW HITPOINT WARNING * * *
You hit something. You hit something. Your headbutt misses something.
You hear some strange, mumbled words.
A magic dart appears from out of thin air!
The magic dart hits you.
* * * LOW HITPOINT WARNING * * *
You hear a zap.
A puff of flame appears from out of thin air!
The puff of flame hits you.
You die...

#+#
#.#
#{#
#@#
#<#
###


There were no monsters in sight!

Vanquished Creatures
  Ijyb (D:3)
  An adder (D:3)
  A worm (D:3)
  A dart slug (D:2)
  4 orcs (D:3)
  5 ball pythons
  4 bats
  5 endoplasms
  5 hobgoblins
  6 frilled lizards
  5 goblins
  10 kobolds
  6 rats
54 creatures vanquished.

Notes
Turn   | Place    | Note
-------+----------+-------------------------------------------
     0 | D:1      | promet the Minotaur Fighter began the quest for the Orb.
     0 | D:1      | Reached XP level 1. HP: 19/19 MP: 0/0
   231 | D:1      | Reached XP level 2. HP: 27/27 MP: 1/1
   966 | D:2      | Reached XP level 3. HP: 33/33 MP: 2/2
  2185 | D:3      | Noticed Ijyb
  2192 | D:3      | Killed Ijyb
  2193 | D:3      | Reached skill level 1 in Ranged Weapons
  2193 | D:3      | Reached XP level 4. HP: 41/41 MP: 3/3
  2611 | D:3      | Found Puvejoz's Antique Armour Emporium.
  2773 | D:4      | Noticed Sigmund
  2787 | D:4      | HP: 2/41 [something (7)]
  2789 | D:4      | Killed from afar by Sigmund

Illustrated notes

Levels and vault maps discovered:
D:1:      saegor_arrival_simple_e, layout_loops_ring, corexii_corridor_pit,
          serial_bayou_crossing
D:2:      layout_loops_ring, serial_forest, infiniplex_forest_zigzag_1,
          infiniplex_forest_corner_1, infiniplex_forest_end_2,
          infiniplex_forest_end_1, infiniplex_forest_straight_3,
          infiniplex_forest_corner_1, infiniplex_forest_straight_4,
          infiniplex_forest_split, kennysheep_nondescript
D:3:      layout_basic, serial_shops, shop, uniq_ijyb
D:4:      layout_basic, temple_pool_b, gammafunk_ghost_stat_death,
          uniq_blork_the_orc, uniq_sigmund

Skill      XL: |  1  2  3 |
---------------+----------+-----
Shields        | 4 |  4.2
Fighting       | 4 |  4.5
Armour         | 4 |  4.2
Polearms       | 3 |  3.5
Ranged Weapons | 1 |  1.0
Dodging        | |  0.3

Action                     |  1- 3 |  4- 6 || total
---------------------------+-------+-------++-------
  Melee: Trident           |   103 |    22 ||   125
         Headbutt          |    11 |       ||    11
   Fire: Sling             |    16 |       ||    16
    Use: Scroll            |     2 |     2 ||     4
         Potion            |     1 |       ||     1
 Armour: Scale mail        |    33 |     7 ||    40
  Dodge: Dodged            |    41 |     2 ||    43
  Block: Buckler           |    10 |       ||    10

Table legend: (Time is in decaauts)
 A = Elapsed time spent in this place.
 B = Non-inter-level travel time spent in this place.
 C = Inter-level travel time spent in this place.
 D = Time resting spent in this place.
 E = Time spent auto-exploring this place.
 F = Levels seen in this place.
 G = Mean time per level.
                   A        B        C        D        E       F      G
               +--------+--------+--------+--------+--------+-----+--------+
         Total |   2824 |   2764 |     60 |    349 |   1420 |   4 |  706.0 |
       Dungeon |   2824 |   2764 |     60 |    349 |   1420 |   4 |  706.0 |
               +--------+--------+--------+--------+--------+-----+--------+

Top non-repeatable levels by time:
     D:2: 1040 daAuts
     D:3: 984 daAuts
     D:1: 781 daAuts
     D:4: 17 daAuts
